AoeStats
← Mr. Penis

African Clearing

504993657Analyzed
4v4 RM · 25d ago on Sep 7, 2026· 61m 58s· 8 players
Game mode
Random Map
Map size
Large (8 player)
Population
200
Speed
Normal
Resources
Standard
Victory
Conquest
Starting age
Dark Age
Ending age
Imperial Age
RankedLock teamsTeams togetherTeam positionsShared explorationLock speedFull tech treeHidden civsTurbo modeCheats
Victory
Defeat
🇹🇷 Georgians · Türkiye
1182
+13
🇨🇳 Persians · China
1178
+13
🇷🇺 Jurchens · Russia
1141
+15
🇬🇧 Slavs · United Kingdom
1101
+17
🇨🇳 Wu · China
1179
-18
1110
-14
🇷🇺 Franks · Russia
1092
-13
🇺🇸 Berbers · United States
1092
-13
Mr. Penis
13:53 Feudal Age
18:30 Castle Age
19:15 Loom
19:20 Double-Bit Axe
20:43 Bow Saw
39:21 Wheelbarrow
38:32 Town Watch
41:47 Imperial Age
39:41 Gold Mining
39:41 Stone Mining
41:53 Hand Cart
41:38 Town Patrol
41:59 Siege Engineers
43:16 Horse Collar
44:38 Two-Man Saw
48:01 Conscription
47:53 Thunderclap Bombs
47:47 Fortified Bastions
48:31 Hoardings
51:11 Town Patrol
53:12 Ballistics
53:52 Chemistry
53:04 Fortified Wall
52:34 Treadmill Crane
53:05 Masonry
52:30 Elite Iron Pagoda
55:10 Scale Barding Armor
55:16 Forging
54:56 Fletching
55:08 Husbandry
55:19 Bloodlines
55:46 Gold Shaft Mining
55:52 Stone Shaft Mining
58:37 Chain Barding Armor
60:47 Iron Casting
60:29 Guilds
60:58 Plate Barding Armor
60:19 Bodkin Arrow
60:57 Architecture
60:14 Arrowslits
60:25 Murder Holes
milesburkley
6:33 Loom
14:00 Feudal Age
15:24 Double-Bit Axe
15:28 Horse Collar
18:19 Castle Age
19:57 Heavy Plow
21:00 Bow Saw
28:28 Wheelbarrow
28:44 Gold Mining
28:45 Stone Mining
29:52 Scale Barding Armor
30:17 Forging
31:00 Chain Barding Armor
34:55 Imperial Age
33:56 Iron Casting
35:14 Gold Shaft Mining
35:31 Bloodlines
35:22 Husbandry
36:33 Plate Barding Armor
36:59 Blast Furnace
36:26 Ballistics
36:47 Elite Boyar
42:19 Murder Holes
42:17 Fletching
42:49 Siege Engineers
45:15 Masonry
45:42 Hoardings
50:28 Bodkin Arrow
55:15 Conscription
57:35 Hand Cart
59:16 Two-Man Saw
58:52 Crop Rotation
859
3:21 Loom
13:02 Feudal Age
14:23 Double-Bit Axe
18:48 Castle Age
18:06 Wheelbarrow
17:50 Horse Collar
19:32 Bow Saw
20:44 Husbandry
22:02 Heavy Plow
24:33 Bloodlines
25:07 Gold Mining
28:09 Scale Barding Armor
33:00 Stone Mining
33:57 Forging
39:33 Hand Cart
42:07 Imperial Age
40:25 Chain Barding Armor
40:40 Iron Casting
42:23 Cavalier
43:47 Conscription
44:34 Gold Shaft Mining
45:03 Two-Man Saw
44:41 Crop Rotation
44:50 Plate Barding Armor
45:15 Blast Furnace
44:12 Savar
45:48 Stone Shaft Mining
48:22 Town Watch
52:09 Devotion
SabahIctimasi
12:53 Feudal Age
13:00 Loom
13:24 Double-Bit Axe
13:58 Horse Collar
23:18 Castle Age
25:45 Fletching
McArrow
12:13 Feudal Age
13:46 Loom
16:48 Castle Age
14:39 Double-Bit Axe
16:08 Loom
20:42 Fletching
24:22 Bodkin Arrow
32:23 Wheelbarrow
35:19 Gold Mining
37:11 Ballistics
39:34 Imperial Age
41:28 Chemistry
40:41 Bracer
42:40 Hand Cart
42:31 Padded Archer Armor
42:33 Husbandry
43:06 Thumb Ring
44:23 Gold Shaft Mining
45:34 Elite Camel Archer
49:25 Bow Saw
50:27 Leather Archer Armor
51:48 Guilds
54:01 Conscription
54:19 Ring Archer Armor
53:59 Stone Mining
55:27 Scale Barding Armor
55:39 Light Cavalry
56:29 Bloodlines
58:45 Murder Holes
58:18 Heavy Camel Rider
59:24 Hand Cart
59:46 Chain Barding Armor
60:15 Forging
maks777sd
15:26 Feudal Age
19:05 Scale Mail Armor
19:16 Forging
23:07 Castle Age
26:05 Double-Bit Axe
27:13 Husbandry
31:33 Scale Barding Armor
32:04 Iron Casting
33:15 Chain Barding Armor
35:36 Wheelbarrow
37:22 Hand Cart
40:27 Imperial Age
43:32 Cavalier
46:32 Bow Saw
49:13 Blast Furnace
48:49 Plate Barding Armor
53:51 Paladin
60:11 Chain Mail Armor
60:15 Squires
59:36 Pikeman
60:26 Halberdier
LXS babe
13:46 Feudal Age
12:01 Loom
19:36 Castle Age
22:39 Wheelbarrow
21:50 Town Watch
22:12 Double-Bit Axe
25:49 Horse Collar
27:41 Heavy Plow
30:22 Hand Cart
31:32 Stone Mining
31:32 Gold Mining
32:24 Bow Saw
34:09 Stone Shaft Mining
35:17 Gold Shaft Mining
37:32 Imperial Age
35:10 Scale Mail Armor
35:21 Forging
35:46 Red Cliffs Tactics
36:28 Chain Mail Armor
36:17 Squires
36:02 Arson
37:17 Iron Casting
38:06 Ballistics
37:41 Murder Holes
38:47 Plate Mail Armor
38:40 Conscription
38:52 Pikeman
40:55 Blast Furnace
42:06 Halberdier
42:32 Crossbowman
43:09 Fletching
43:20 Padded Archer Armor
43:02 Arbalester
44:07 Bodkin Arrow
47:56 Bracer
48:11 Leather Archer Armor
49:12 Two-Man Saw
56:41 Chemistry
美团外卖总教练
4:44 Loom
16:42 Feudal Age
17:39 Arson
17:16 Man-at-Arms
18:34 Wheelbarrow
17:47 Double-Bit Axe
18:52 Scale Mail Armor
19:02 Forging
37:15 Castle Age
39:45 Coinage
39:55 Hand Cart
39:35 Gold Mining
39:31 Horse Collar
40:05 Bow Saw
53:01 Stone Mining
53:46 Gold Shaft Mining
58:40 Imperial Age
60:10 Banking
Connection lost

Rejoining the realm…

Still unreachable

The connection could not be restored.

Session expired

The server has moved on; the page needs a fresh start.